 Dungeon Crawl Stone Soup version 0.25-a0-488-g03579ab4a3 (webtiles) character file.

Game seed: 3383590831297460634, levelgen mode: deterministic

226 Lugonue the Chopper (level 6, -1/52 HPs)
             Began as a Hill Orc Fighter on Feb 10, 2020.
             Was an Initiate of Makhleb.
             Slain by Grinder (4 damage)
             ... on level 3 of the Dungeon.
             The game lasted 00:03:04 (1771 turns).

Lugonue the Chopper (Hill Orc Fighter)              Turns: 1771, Time: 00:03:06

Health: -1/52      AC: 10    Str: 17 (19) XL:     6   Next: 1%
Magic:  6/6        EV:  8    Int:  8 (10) God:    Makhleb [......]
Gold:   120        SH:  9    Dex:  9 (10) Spells: 5/5 levels left

rFire    . . .     SeeInvis .   a - +1 war axe
rCold    . . .     Gourm    .   c - +0 kite shield
rNeg     . . .     Faith    .   j - +1 swamp dragon scales
rPois    +         Spirit   .   b - +0 helmet
rElec    .         Reflect  .   (no cloak)
rCorr    .         Harm     .   (no gloves)
MR       .....                  (no boots)
Stlth    ..........             (no amulet)
HPRegen  0.17/turn              (no ring)
MPRegen  0.10/turn              (no ring)

@: no status effects
A: no striking features
a: Renounce Religion


You were on level 3 of the Dungeon.
You worshipped Makhleb.
Makhleb was noncommittal.
You were hungry.

You visited 1 branch of the dungeon, and saw 3 of its levels.

You collected 120 gold pieces.

Inventory:

Hand Weapons
 a - a +1 war axe (weapon)
Armour
 b - a +0 helmet (worn)
 c - a +0 kite shield (worn)
 j - +1 swamp dragon scales (worn)
Scrolls
 i - 2 scrolls of identify {unknown}
 k - a scroll of amnesia
Comestibles
 f - 5 rations


   Skills:
 + Level 4.2 Fighting
 + Level 6.3 Axes
 + Level 3.8 Armour
 + Level 0.5 Dodging
 + Level 4.1 Shields
 * Level 0.4 Invocations


You had 5 spell levels left.
You didn't know any spells.
Your spell library was empty.

Dungeon Overview and Level Annotations

Branches:
Dungeon (3/15)

Altars:
Makhleb
Qazlal

Annotations:
D:3 Grinder


Message History

It was a potion of haste.
You feel yourself speed up. The kobold barely misses you.
You block Grinder's attack.
It was a potion of cancellation.
Your magical effects are unravelling.
You feel magically purged.
You feel yourself slow down.
You feel a little less mighty now. You block the kobold's attack.
The rat closely misses you.
It was a potion of degeneration.
There was something very wrong with that liquid.
You feel weakened.
You feel dopey.
You feel clumsy. Grinder gestures at you. You resist with significant effort.
You block the rat's attack. The kobold barely misses you.
You slash Grinder!
Grinder is severely wounded.
Your shield prevents you from hitting the rat.
You closely miss the kobold. Grinder hits you.
* * * LOW HITPOINT WARNING * * *
You writhe in agony.
You die...

#........
)......
.......
..... #
#...#
#.#...####.#
#..K5r......
#@# #.# #.#
#.# #.# ##.
#.# ... #.#
.# #.#.. #.#
#.# #.#<#
#.# #.#
#.#.#


You could see Grinder, a kobold and a rat.

Vanquished Creatures
  A scorpion (D:2)
  An orc priest (D:3)
  Terence (D:2)
  Robin (D:3)
  An adder (D:2)
  2 oozes
  2 worms
  3 dart slugs
  3 leopard geckos
  6 orcs (D:3)
  4 giant cockroaches
  13 goblins
  8 hobgoblins
  10 jackals (D:3)
  2 ball pythons (D:2)
  A bat (D:1)
  2 frilled lizards (D:1)
  5 kobolds
  8 rats
74 creatures vanquished.

Notes
Turn   | Place    | Note
-------+----------+-------------------------------------------
     0 | D:1      | Lugonue the Hill Orc Fighter began the quest for the Orb.
     0 | D:1      | Reached XP level 1. HP: 19/19 MP: 1/1
   116 | D:1      | Reached XP level 2. HP: 23/27 MP: 2/2
   184 | D:1      | Reached skill level 3 in Axes
   482 | D:1      | Reached XP level 3. HP: 30/33 MP: 3/3
   899 | D:2      | Reached skill level 4 in Axes
  1183 | D:2      | Found a stormy altar of Qazlal.
  1187 | D:2      | Noticed a scorpion
  1194 | D:2      | Killed a scorpion
  1194 | D:2      | Reached XP level 4. HP: 34/40 MP: 4/4
  1199 | D:2      | Noticed Terence
  1202 | D:2      | Reached skill level 5 in Axes
  1209 | D:2      | Killed Terence
  1209 | D:2      | Reached XP level 5. HP: 37/46 MP: 5/5
  1518 | D:3      | Reached skill level 6 in Axes
  1578 | D:3      | Found a burning altar of Makhleb.
  1614 | D:3      | Became a worshipper of Makhleb the Destroyer
  1663 | D:3      | Noticed Robin
  1691 | D:3      | Killed Robin
  1759 | D:3      | Noticed Grinder
  1760 | D:3      | Reached XP level 6. HP: 49/52 MP: 6/6
  1771 | D:3      | Slain by Grinder

Levels and vault maps discovered:
D:1:      elethiomel_arrival_infinity_welcomes_careful_drivers,
          layout_loops_corners, st_stairs_10, minmay_pentomino_v2
D:2:      layout_basic, old_standard_altar, wad_floor_pattern_untrapped,
          uniq_terence
D:3:      layout_loops_ring, lemuel_crystal_altar, uniq_robin, uniq_grinder

Skill      XL: |  1  2  3  4  5 |
---------------+----------------+-----
Axes           | 3 4 5 6 |  6.3
Fighting       | 4 |  4.2
Shields        | 4 |  4.1
Armour         | |  3.8
Dodging        | |  0.5
Invocations    | |  0.4

Action                   |  1- 3 |  4- 6 || total
-------------------------+-------+-------++-------
Melee: War axe           |    80 |    80 ||   160
  Use: Scroll            |     5 |     2 ||     7
       Potion            |       |     4 ||     4
  Eat: Chunk             |       |     2 ||     2
Armor: Scale mail        |    11 |       ||    11
       Swamp dragon scal |    17 |    44 ||    61
Dodge: Dodged            |    36 |    53 ||    89
Block: Kite shield       |     7 |     5 ||    12
       Buckler           |    20 |    20 ||    40

Table legend:
 A = Non-vault XP
 B = Vault XP
 C = Vault XP percentage of total XP
 D = Non-vault monster count
 E = Vault monster count
 F = Vault count percentage of total count
                 A         B        C        D         E       F
            +---------+---------+-------+---------+---------+-------
      Total |     238 |      86 |  26.5 |      57 |      17 |  23.0
            +---------+---------+-------+---------+---------+-------
        D:1 |      26 |      13 |  33.3 |      12 |       4 |  25.0
        D:2 |     113 |      38 |  25.2 |      17 |       1 |   5.6
        D:3 |      99 |      35 |  26.1 |      28 |      12 |  30.0
            +---------+---------+-------+---------+---------+-------
